 Dungeon Crawl Stone Soup version 0.19-a0-1779-g7aee5af (webtiles) character file.

11 Djon the Skirmisher (level 2, -1/24 HPs)
             Began as a Demonspawn Abyssal Knight on Oct 2, 2016.
             Was a Follower of Lugonu.
             Slain by a kobold
             ... wielding a +2 whip of electrocution
              (18 damage)
             ... on level 1 of the Dungeon.
             The game lasted 00:02:15 (605 turns).

Djon the Skirmisher (Demonspawn Abyssal Knight)      Turns: 605, Time: 00:02:15

Health: -1/24      AC:  8    Str: 12    XL:     2   Next: 13%
Magic:  0/3        EV:  5    Int: 13    God:    Lugonu [*.....]
Gold:   29         SH:  0    Dex: 12    Spells: 0 memorised, 1 level left

rFire  . . .     SeeInvis .     e - +0 great mace
rCold  . . .     Gourm    .     j - +0 chain mail
rNeg   . . .     Faith    .     (shield currently unavailable)
rPois  .         Spirit   +     (no helmet)
rElec  .         Dismiss  .     (no cloak)
rCorr  .         Reflect  .     (no gloves)
MR     .....     Harm     .     (no boots)
Stlth  ..........               h - amulet of guardian spirit
                                (no ring)
                                (no ring)

@: no status effects
A: claws 1
a: Depart the Abyss, Renounce Religion


You were on level 1 of the Dungeon.
You worshipped Lugonu.
Lugonu was aware of your devotion.
You were not hungry.

You visited 1 branch of the dungeon, and saw 1 of its levels.
You visited the Abyss 1 time.

You collected 29 gold pieces.

Inventory:

Hand Weapons
 e - a +0 great mace (weapon)
Armour
 j - a +0 chain mail (worn)
Jewellery
 h - an amulet of guardian spirit (around neck)
Scrolls
 g - a scroll of identify
 i - 2 scrolls of remove curse {unknown}
Potions
 a - a potion of heal wounds {unknown}
 b - a potion of magic {unknown}
Books
 d - a book of the Earth

   Spells                             Type                      Level
   a - Leda's Liquefaction            Hexes/Earth                  4
   b - Bolt of Magma                  Conjuration/Fire/Earth       5
   c - Statue Form                    Transmutation/Earth          6
   d - Iron Shot                      Conjuration/Earth            6
   e - Shatter                        Earth                        9
Miscellaneous
 f - a box of beasts
Comestibles
 c - a bread ration


   Skills:
 + Level 3.0 Fighting
 - Level 2.4 Maces & Flails
 - Level 1.7 Armour
 - Level 0.8 Dodging
 + Level 0.1 Unarmed Combat
 - Level 2.4 Invocations


You had one spell level left.
You didn't know any spells.

Dungeon Overview and Level Annotations

Branches:
Dungeon (1/15)

Altars:


Innate Abilities, Weirdness & Mutations

You have sharp fingernails.


Message History

a club; a hobgoblin corpse
Found 30 stones.
You see here 30 stones.
Found a ring mail.
There is an open door here.
You open the door.
There is an open door here.
i - 2 scrolls labeled REDIFRA YSTOI (gained 1)
Found 17 stones.
No target in view!
Found a stone staircase leading down.
A kobold comes into view. It is wielding a whip of electrocution.
The kobold shouts!
A rat comes into view.
The kobold hits you but does no damage.
You miss the kobold. The kobold hits you but does no damage.
You are electrocuted!
The kobold hits you but does no damage.
You are electrocuted!
Ouch! That really hurt!
You die...

#######
##############......
#...................
#####.###....#####......
.............#####......
.....>..................
.......@.########.######
......Kr.# #..# #
......(..# ##.# #
.........# #.# #
.........# #######.#####
.......... .............
.......... .......#.####
..................#..#
.....####.#


You could see a kobold and a rat.

Vanquished Creatures
  A leopard gecko (D:1)
  A bat (D:1)
  A goblin (D:1)
  A hobgoblin (D:1)
  3 kobolds (D:1)
  A ball python (D:1)
  A rat (D:1)
9 creatures vanquished.

Notes
Turn   | Place    | Note
-------+----------+-------------------------------------------
     0 | Abyss:1  | Djon the Demonspawn Abyssal Knight began the quest for the Orb.
     0 | Abyss:1  | Reached XP level 1. HP: 18/18 MP: 2/2
    36 | Abyss:2  | Noticed a smoke demon
    93 | Abyss:3  | Noticed a large abomination
    99 | Abyss:3  | Noticed a death drake
    99 | D:1      | Escaped the Abyss
   421 | D:1      | Reached * piety under Lugonu
   421 | D:1      | Gained mutation: You have sharp fingernails. [demonic ancestry]
   421 | D:1      | Reached XP level 2. HP: 20/24 MP: 3/3
   605 | D:1      | Slain by a kobold

Vault maps used:
D:1:      roderic_octagonal_star, corner_web_ring
Abyss:2:  evilmike_abyss_exit_16
Abyss:3:  patterned_corridor, hangedman_abyss_rune_macabre_mess,
          abyss_greek_temple

Skill      XL: |  1 |
---------------+----+-----
Maces & Flails | 2 |  2.4
Fighting       | |  3.0
Armour         | |  1.7
Dodging        | |  0.8
Unarmed Combat | |  0.1
Invocations    | |  2.4

Action                   || total
-------------------------++-------
Melee: Great mace        ||    44
Invok: Depart the Abyss  ||     1
  Use: Scroll            ||     1
Armor: Chain mail        ||    35
       Leather armour    ||     1
Dodge: Dodged            ||    19
